Map: Cyber Forest LE

Players

daboss - Winner!

  • Race: Protoss Protoss
  • League: Master
  • Spawn Location: 11:00

romel

  • Race: Zerg Zerg
  • League: Master
  • Spawn Location: 5:00

VOD

Have the link to the VOD?

Description

Time

  • Played on: Feb. 2, 2019, 3:14 a.m.
  • Length: 13:55
Show
View Real Time Build Order
Export as new Build Order

daboss Protoss - Winner!

Build Orders: 1 Gate Expand, Archon Immortal 

Get SALT Encoding   

  12  0:00  Probe  
  13  0:13  Probe  
  14  0:23  Pylon  
  14  0:25  Probe  
  15  0:37  Probe  
  16  0:45  Probe  
  16  0:47  Gateway  
  17  0:54  Assimilator  
  17  0:55  Probe  
  18  1:07  Probe  
  19  1:19  Probe  
  20  1:31  Probe  
  21  1:38  Nexus  
  21  1:46  Cybernetics Core  
  21  1:48  Probe  
  22  1:58  Pylon  
  22  2:00  Probe  
  23  2:04  Assimilator  
  23  2:12  Probe  
  23  2:20  Probe  
  23  2:22  Adept  
  26  2:24  Warp Gate  
  26  2:29  Probe  
  28  2:38  Probe  
  28  2:39  Pylon  
  29  2:46  Probe  
  29  2:49  Probe  
  30  2:52  Sentry  
  30  2:56  Probe  
  30  2:57  Probe  
  34  3:00  Robotics Facility  
  35  3:06  Probe  
  35  3:08  Probe  
  35  3:09  Assimilator  
  37  3:16  Probe  
  37  3:18  Probe  
  37  3:19  Sentry  
  40  3:25  Probe  
  41  3:30  Probe  
  43  3:35  Probe  
  44  3:42  Assimilator, Probe  
  44  3:45  Pylon  
  44  3:47  Probe  
  44  3:48  Immortal  
  50  3:54  Probe  
  51  3:59  Pylon, Probe  
  52  4:03  Sentry  
  52  4:06  Probe  
  52  4:08  Twilight Council  
  55  4:11  Probe  
  55  4:12  Gateway  
  56  4:18  Gateway  
  56  4:22  Gateway  
  58  4:36  Immortal  
  60  4:40  Sentry  
  60  4:41  Probe  
  60  4:44  Resonating Glaives  
  63  4:45  Pylon  
  63  4:46  Probe  
  64  4:53  Probe  
  64  4:55  Pylon  
  64  4:58  Probe  
  66  5:07  Sentry x2  
  66  5:13  Sentry  
  72  5:15  Immortal  
  72  5:21  Sentry  
  78  5:24  Probe  
  79  5:28  Pylon  
  79  5:30  Adept x2  
  79  5:32  Pylon  
  83  5:39  Adept  
  85  5:43  Pylon  
  85  5:48  Adept  
  87  5:52  Adept  
  87  5:53  Adept  
  91  6:00  Adept  
  93  6:04  Nexus  
  93  6:06  Pylon, Observer  
  93  6:07  Probe x2  
  93  6:09  Robotics Bay  
  95  6:14  Forge  
  96  6:24  Immortal, Probe  
  97  6:28  Probe  
  97  6:32  Charge  
  102  6:37  Probe  
  103  6:40  Probe  
  104  6:49  Probe  
  104  6:52  Probe  
  104  6:53  Protoss Ground Weapons Level 1, Colossus  
  104  7:01  Probe  
  97  7:04  Probe  
  104  7:13  Extended Thermal Lance, Probe  
  104  7:14  Probe  
  104  7:15  Templar Archives  
  105  7:16  Probe  
  105  7:19  Forge  
  105  7:20  Assimilator  
  107  7:22  Probe  
  107  7:23  Assimilator  
  107  7:25  Probe  
  107  7:28  Probe  
  107  7:29  Colossus  
  110  7:32  Probe  
  110  7:36  Gateway  
  111  7:37  Probe  
  111  7:38  Gateway  
  111  7:40  Probe  
  113  7:44  Probe  
  113  7:49  Probe  
  113  7:50  Protoss Ground Armor Level 1  
  121  7:52  Pylon  
  121  7:53  Probe  
  121  7:57  Probe  
  123  7:59  Stalker x2  
  123  8:00  Stalker  
  123  8:01  Probe  
  123  8:05  Probe  
  131  8:09  Probe  
  132  8:13  Probe  
  132  8:14  Zealot  
  132  8:17  Probe  
  136  8:26  Gateway, Observer  
  136  8:28  Gateway, High Templar x2  
  136  8:32  Protoss Ground Weapons Level 2  
  136  8:33  Photon Cannon  
  140  8:35  Shield Battery  
  140  8:37  Pylon  
  140  8:42  Archon, Probe  
  140  8:45  Pylon  
  140  8:47  Pylon  
  141  8:55  Colossus  
  147  8:56  High Templar  
  149  9:03  Probe  
  149  9:04  High Templar x2  
  149  9:06  Zealot x3  
  149  9:07  Pylon  
  149  9:08  Pylon  
  160  9:10  Probe  
  160  9:14  Pylon  
  161  9:17  Archon  
  161  9:22  High Templar  
  161  9:23  Zealot  
  165  9:28  Zealot  
  165  9:29  Zealot x3, Archon  
  171  9:31  Probe  
  168  9:40  Nexus  
  168  9:41  Pylon  
  168  9:42  Pylon  
  162  9:51  Stalker  
  162  9:52  Stalker  
  166  9:53  Stalker x2  
  166  9:54  Stalker x3  
  166  9:59  Gateway  
  176  10:02  Gateway  
  176  10:04  Disruptor  
  176  10:05  Gateway  
  176  10:07  Gateway, Assimilator  
  176  10:11  Assimilator  
  171  10:30  Robotics Facility  
  171  10:35  Disruptor  
  174  10:43  Protoss Ground Weapons Level 3  
  174  10:55  Protoss Ground Armor Level 2  
  174  10:56  Stargate  
  174  10:59  Disruptor  
  174  11:10  Photon Cannon  
  177  11:11  Shield Battery  
  177  11:13  Photon Cannon  
  177  11:14  Photon Cannon  
  177  11:15  Pylon  
  177  11:34  Disruptor  
  177  11:36  Disruptor  
  156  12:09  Disruptor  
  156  12:11  Disruptor  
  160  12:23  Stalker x2  
  160  12:24  Stalker x4  
  160  12:25  Stalker x5  
  182  12:34  Fleet Beacon  
  182  12:46  Observer  
  183  12:52  Nexus  
  183  12:55  Assimilator  
  183  12:59  Assimilator  
  183  13:02  Pylon  
  183  13:04  Pylon  
  183  13:11  Pylon  
  183  13:21  Stargate  
  183  13:25  Stargate  
Show
View Real Time Build Order
Export as new Build Order

romel Zerg 

Build Orders: Hatch First, Lurkers, Roach Hydra 

Get SALT Encoding   

  12  0:01  Drone  
  13  0:13  Overlord  
  13  0:17  Drone  
  14  0:33  Drone  
  15  0:45  Hatchery  
  15  0:49  Drone  
  15  0:52  Drone  
  15  0:56  Drone  
  17  1:01  Drone  
  18  1:09  Extractor  
  17  1:17  Spawning Pool  
  16  1:20  Drone  
  16  1:24  Drone  
  18  1:33  Drone  
  19  1:45  Drone  
  20  1:55  Overlord  
  20  1:59  Drone  
  21  2:04  Queen x2  
  21  2:05  Zergling x2  
  26  2:08  Zergling x2  
  27  2:18  Drone  
  27  2:19  Drone  
  29  2:26  Drone  
  30  2:38  Hatchery, Drone x2  
  30  2:44  Overlord  
  31  2:53  Queen  
  31  2:54  Drone  
  31  2:55  Drone  
  35  2:59  Drone  
  35  3:05  Drone  
  37  3:10  Drone  
  38  3:13  Drone x2  
  38  3:17  Overlord  
  38  3:19  Drone x3  
  43  3:28  Lair  
  43  3:30  Roach Warren  
  43  3:32  Drone  
  43  3:36  Drone x2  
  45  3:42  Extractor  
  45  3:43  Extractor, Overlord  
  43  3:51  Drone x4  
  47  3:57  Overlord  
  47  4:02  Queen  
  47  4:03  Queen  
  51  4:12  Drone x5  
  51  4:13  Drone  
  51  4:16  Overlord  
  57  4:30  Glial Reconstitution  
  57  4:32  Overseer  
  57  4:33  Roach  
  57  4:34  Roach x4  
  67  4:46  Roach x2  
  67  4:47  Roach x3  
  77  4:54  Roach x2  
  77  4:56  Overlord  
  77  4:58  Overlord  
  81  5:11  Overseer  
  81  5:14  Ravager x2  
  81  5:17  Ravager  
  81  5:18  Queen  
  81  5:20  Queen  
  81  5:21  Queen  
  88  5:25  Roach x2  
  94  5:35  Overlord  
  94  5:36  Overlord x2  
  94  5:40  Roach  
  94  5:41  Roach  
  98  5:55  Roach x2  
  98  5:56  Roach x6  
  113  6:03  Queen  
  115  6:08  Roach  
  115  6:09  Roach x2, Overlord  
  115  6:10  Overlord  
  121  6:23  Overlord x2  
  121  6:24  Overlord  
  115  6:32  Roach x6  
  121  6:48  Hydralisk Den  
  112  7:00  Drone  
  112  7:01  Drone x8  
  119  7:08  Drone x2  
  119  7:09  Drone  
  119  7:10  Pneumatized Carapace  
  119  7:11  Extractor  
  119  7:13  Evolution Chamber  
  119  7:14  Drone  
  121  7:16  Hatchery  
  121  7:18  Grooved Spines  
  120  7:24  Drone x3  
  120  7:25  Drone x3  
  120  7:29  Extractor x2  
  124  7:38  Drone x3  
  124  7:39  Drone x3  
  124  7:42  Drone  
  124  7:43  Zerg Missile Weapons Level 1  
  131  7:45  Drone  
  131  7:46  Evolution Chamber, Overlord, Drone  
  131  7:50  Drone  
  131  7:51  Infestation Pit, Drone  
  133  8:03  Drone x4  
  133  8:04  Drone x4  
  141  8:12  Zerg Ground Armor Level 1  
  140  8:21  Hydralisk x4  
  140  8:22  Hydralisk x2  
  152  8:28  Lurker Den  
  152  8:29  Extractor  
  152  8:30  Muscular Augments  
  152  8:32  Extractor  
  149  8:35  Hive  
  149  8:43  Hydralisk x2  
  149  8:44  Overlord x2  
  149  8:45  Overlord  
  153  8:55  Overlord x2  
  153  8:56  Overlord x2  
  153  8:59  Hydralisk x4  
  153  9:00  Hydralisk x3  
  167  9:08  Hydralisk x3  
  173  9:26  Spine Crawler  
  166  9:44  Hydralisk  
  166  9:45  Hydralisk x13  
  184  9:54  Lurker x2  
  186  10:03  Lurker  
  186  10:04  Lurker  
  186  10:09  Hatchery  
  177  10:22  Lurker x4  
  181  10:32  Viper  
  180  10:40  Viper  
  171  10:51  Zerg Missile Weapons Level 2  
  171  10:56  Viper  
  172  11:10  Viper  
  169  11:36  Lurker x3  
  169  11:37  Lurker  
  173  11:48  Hydralisk x5  
  173  11:49  Hydralisk x6  
  142  12:04  Hydralisk x6  
  118  12:24  Drone  
  118  12:25  Drone x14  
  118  12:27  Extractor  
  118  12:28  Adaptive Talons  
  118  12:29  Extractor  
  131  12:32  Lurker  
  132  12:40  Drone x4  
  137  12:44  Drone x6  
  137  12:50  Spine Crawler x4  
  138  12:54  Hatchery, Spore Crawler  
  138  12:58  Hydralisk x4  
  136  12:59  Hydralisk x5  
  154  13:07  Queen  
  156  13:21  Drone  
  156  13:22  Drone x5  
  162  13:31  Spire  
  162  13:32  Lurker x2  
  162  13:33  Lurker  
Tags
 
Add a new tag
Caveats
  • Supply blocks, unpowered buildings, or Contaminate may cause inaccurate times.
  • Supply counts are checked every 10 seconds.